 Dungeon Crawl Stone Soup version 0.27-a0-1119-gbf574a6a6b (webtiles) character file.

Game seed: 12152641315855191619

20 Zeld the Shield-Bearer (level 2, -4/21 HPs)
             Began as an Octopode Fighter on May 2, 2021.
             Slain by Robin
             ... wielding a +0 trident
              (9 damage)
             ... on level 2 of the Dungeon.
             The game lasted 00:00:45 (752 turns).

Zeld the Shield-Bearer (Octopode Fighter)            Turns: 752, Time: 00:00:46

Health: -4/21      AC:  1    Str: 15    XL:     2   Next: 79%
Magic:  2/2        EV: 11    Int: 10    God:
Gold:   23         SH:  8    Dex: 11    Spells: 1/1 levels left

rFire    . . .     SeeInvis .   a - +0 war axe
rCold    . . .     Faith    .   b - +0 kite shield
rNeg     . . .     Spirit   .   (helmet restricted)
rPois    .         Reflect  .   (no amulet)
rElec    .         Harm     .   (no ring)
rCorr    .         Rampage  .   (no ring)
Will     .....                  (no ring)
Stlth    ++........             (no ring)
HPRegen  0.07/turn              (no ring)
MPRegen  0.08/turn              (no ring)
                                (no ring)
                                (no ring)

@: mighty
A: almost no armour, amphibious, 8 rings, camouflage 1, gelatinous body 1,
(nimble swimmer 1), tentacles
a: no special abilities


You were on level 2 of the Dungeon.
You visited 1 branch of the dungeon, and saw 2 of its levels.

You collected 23 gold pieces.

Inventory:

Hand Weapons
 a - a +0 war axe (weapon)
Missiles
 d - 18 poisoned darts (quivered)
 f - 7 boomerangs
Armour
 b - a +0 kite shield (worn)
Scrolls
 g - 2 scrolls of enchant armour {unknown}
Potions
 c - a potion of might
 e - a potion of heal wounds {unknown}


   Skills:
 - Level 3.2 Fighting
 - Level 2.3 Axes
 * Level 1.2 Throwing
 - Level 3.0 Dodging
 - Level 3.2 Shields


You had one spell level left.
You didn't know any spells.
Your spell library was empty.

Dungeon Overview and Level Annotations

Branches:
Dungeon (1/15)

Altars:

Annotations:
D:2 Robin


Innate Abilities, Weirdness & Mutations

You cannot wear most types of armour.
You are amphibious.
You can wear up to eight rings at the same time.
Your skin changes colour to match your surroundings (Stealth+).
Your rubbery body absorbs attacks. (AC +1, EV +1)
((You are camouflaged near water. (Stealth+)))
You have tentacles for arms and can constrict up to eight enemies at once.


Message History

The goblin shouts!
You hear a shout! x6
The goblin hits you with a +0 dagger.
Robin of the Strong Arm comes into view.
They are wielding a +0 trident.
Robin shouts!
You closely miss the goblin. Your grab misses the goblin.
The goblin hits you with a +0 dagger.
Robin roars a battlecry!
The goblins go into a battle-frenzy!
You hear a shout!
You slash the goblin!
You kill the goblin!
You block Robin's attack. The goblin hits you with a +0 club.
You miss the goblin. You grab the goblin. You constrict the goblin.
The goblin hits you but does no damage. You block Robin's attack.
A goblin comes into view. It is wielding a +0 dagger.
Robin hits you from afar with a +0 trident!
Ouch! That really hurt!
* * * LOW HITPOINT WARNING * * *
You block the goblin's attack.
You feel very mighty all of a sudden.
You constrict the goblin.
You kill the goblin!
Robin throws the goblin at you!
* * * LOW HITPOINT WARNING * * *
Unknown command.
You barely miss the goblin. You grab the goblin. You constrict the goblin.
You block the goblin's attack. You block Robin's attack.
You block the goblin's attack.
You release your grip on the goblin.
A goblin comes into view. It is wielding a +0 club.
Robin barely misses you.
Things that are here:
a +0 club; a +0 dagger; a goblin corpse Your shield prevents you from hitting Robin.
You grab Robin. You squeeze Robin!
Robin is almost dead.
You hit the goblin.
You kill the goblin!
You constrict Robin, but do no damage. Robin hits you with a +0 trident!
You die...

.............+
####.#.##....#
##'#+##....#
#......##### +......#
# #......# .#
#......# g.
#......#########.#
#......#.....)@g.#
####'####.###########
#......#####.....#
#####............#
##............#
#.†...........#
#....####.....#
#.)..# #.....# #....#
#.....#


You could see Robin and a goblin (strong).

Vanquished Creatures
  A dart slug (D:2)
  2 endoplasms
  A giant cockroach (D:1)
  3 goblins (D:2)
  2 hobgoblins
  A kobold (D:2)
  A quokka (D:2)
  A ball python (D:1)
  2 bats (D:1)
  A frilled lizard (D:1)
  2 rats (D:1)
17 creatures vanquished.

Notes
Turn   | Place    | Note
-------+----------+-------------------------------------------
     0 | D:1      | Zeld the Octopode Fighter began the quest for the Orb.
     0 | D:1      | Reached XP level 1. HP: 16/16 MP: 1/1
   241 | D:1      | Found a faded altar of an unknown god.
   388 | D:1      | Reached XP level 2. HP: 19/21 MP: 2/2
   408 | D:1      | You fall into a shaft and drop 1 floor!
   734 | D:2      | Reached skill level 1 in Throwing
   745 | D:2      | Noticed Robin
   752 | D:2      | Slain by Robin

Illustrated notes

Levels and vault maps discovered:
D:1:      psy_arrival_conway, layout_loops_ring,
          hellmonk_ecumenical_altar_blasted
D:2:      layout_basic, basic_altar, uniq_terence, uniq_robin

Skill      XL: |  1  2 |
---------------+-------+-----
Throwing       | 1 |  1.2
Fighting       | |  3.2
Axes           | |  2.3
Dodging        | |  3.0
Shields        | |  3.2

Action                   || total
-------------------------++-------
Melee: War axe           ||    27
       Constrict         ||    10
       Tentacles         ||     2
  Use: Potion            ||     1
 Stab: Sleeping          ||     2
Armor: Skin              ||     3
Dodge: Dodged            ||    11
Block: Kite shield       ||    15

Table legend: (Time is in decaauts)
 A = Elapsed time spent in this place.
 B = Non-inter-level travel time spent in this place.
 C = Inter-level travel time spent in this place.
 D = Time resting spent in this place.
 E = Time spent auto-exploring this place.
 F = Levels seen in this place.
 G = Mean time per level.
                   A        B        C        D        E       F      G
               +--------+--------+--------+--------+--------+-----+--------+
         Total |    768 |    768 |      0 |      0 |    634 |   2 |  384.0 |
       Dungeon |    768 |    768 |      0 |      0 |    634 |   2 |  384.0 |
               +--------+--------+--------+--------+--------+-----+--------+

Top non-repeatable levels by time:
     D:1: 415 daAuts
     D:2: 352 daAuts
